Map: Pillars of Gold LE

Players

LiquidClem (Clem)

  • Race: Terran Terran
  • League: Master
  • Spawn Location: 7:00

Serral - Winner!

  • Race: Zerg Zerg
  • League: Master
  • Spawn Location: 1:00

Event: DreamHack SC2 Masters 2020 Summer Europe

VOD

Have the link to the VOD?

Description

Time

  • Played on: July 11, 2020, 12:44 p.m.
  • Length: 17:39

All games in this series

Show
View Real Time Build Order
Export as new Build Order

LiquidClem Terran 

Build Orders: Gas First Reaper Expand, Liberator Opening 

Get SALT Encoding   

  12  0:00  SCV  
  13  0:12  SCV  
  14  0:17  Supply Depot  
  14  0:24  SCV  
  15  0:31  Refinery  
  15  0:39  SCV  
  16  0:45  Barracks  
  16  0:51  SCV  
  17  1:03  SCV  
  18  1:15  SCV  
  19  1:32  Reaper, Orbital Command  
  20  1:45  Command Center  
  20  1:56  Factory  
  20  2:01  SCV  
  21  2:08  Barracks Reactor  
  21  2:13  SCV  
  22  2:16  Supply Depot  
  22  2:20  Refinery  
  22  2:25  SCV  
  23  2:37  SCV  
  24  2:47  Starport  
  24  2:49  Hellion x2  
  24  2:50  SCV  
  29  2:55  Marine  
  30  3:02  Orbital Command  
  30  3:04  SCV  
  31  3:11  Hellion  
  33  3:16  Hellion  
  33  3:19  SCV  
  36  3:25  Supply Depot  
  36  3:32  Liberator  
  36  3:34  SCV  
  40  3:37  SCV  
  41  3:42  Hellion  
  41  3:46  Hellion  
  41  3:47  SCV  
  46  3:51  Supply Depot  
  46  3:53  SCV  
  46  3:55  Barracks Tech Lab  
  47  3:59  SCV  
  48  4:05  SCV  
  49  4:11  SCV  
  49  4:16  Command Center  
  50  4:18  SCV  
  50  4:22  Supply Depot  
  50  4:23  Stimpack  
  51  4:27  Starport Reactor, Factory Tech Lab  
  51  4:29  SCV  
  51  4:30  SCV  
  53  4:37  Barracks  
  53  4:41  SCV  
  53  4:42  SCV  
  55  4:46  Barracks  
  55  4:48  Marine  
  56  4:54  SCV  
  56  4:55  SCV  
  58  5:01  Engineering Bay  
  58  5:02  Engineering Bay  
  58  5:06  SCV  
  60  5:07  SCV, Siege Tank  
  60  5:10  Starport Reactor, Marine  
  64  5:16  Supply Depot  
  64  5:18  SCV  
  64  5:19  SCV  
  66  5:28  Marine  
  58  5:30  SCV, Marine  
  58  5:31  SCV  
  58  5:34  Terran Infantry Weapons Level 1, Terran Infantry Armor Level 1  
  55  5:36  Orbital Command  
  55  5:38  Refinery  
  55  5:40  Refinery, Marine  
  55  5:41  Marine  
  56  5:42  Marine  
  56  5:48  Medivac  
  56  5:49  Medivac  
  62  5:50  SCV  
  62  5:52  SCV  
  62  5:53  Marine  
  65  5:58  Marine, Siege Tank  
  65  6:03  Orbital Command  
  68  6:05  SCV  
  68  6:08  Marine x2  
  68  6:09  Marine  
  72  6:11  Marine  
  72  6:12  SCV, Supply Depot  
  72  6:16  Marine, Barracks  
  72  6:17  SCV, Barracks  
  76  6:19  Combat Shield  
  76  6:24  SCV  
  77  6:26  Marine  
  77  6:28  Marine x2  
  77  6:29  SCV  
  77  6:31  SCV  
  82  6:33  Siege Tank  
  82  6:36  SCV  
  82  6:38  Marine x2  
  88  6:40  Supply Depot  
  88  6:42  Supply Depot  
  88  6:44  SCV, Marine  
  88  6:45  SCV  
  88  6:46  Marine  
  92  6:50  Armory  
  92  6:51  SCV  
  92  6:52  Marine  
  94  6:55  Marine  
  94  6:58  SCV, Supply Depot  
  94  7:01  Marine x2  
  97  7:02  SCV  
  97  7:03  SCV  
  97  7:05  Siege Tank  
  97  7:08  Supply Depot  
  103  7:09  Barracks Reactor x2  
  103  7:10  SCV  
  103  7:15  Marine  
  104  7:17  SCV x2, Marine  
  104  7:19  Marine  
  104  7:20  Medivac  
  104  7:21  Medivac  
  104  7:22  SCV  
  114  7:24  Supply Depot, Marine  
  114  7:25  Marine  
  114  7:26  Supply Depot  
  114  7:29  Refinery  
  116  7:30  Factory  
  116  7:32  SCV x2  
  116  7:33  Marine  
  116  7:34  SCV  
  120  7:37  Marine  
  120  7:39  Supply Depot  
  120  7:40  Marine  
  120  7:41  Terran Infantry Weapons Level 2  
  120  7:43  Marine  
  124  7:44  SCV x2  
  124  7:45  Marine  
  124  7:46  Marine  
  127  7:52  Marine  
  127  7:54  Marine x2  
  127  7:55  Marine  
  127  7:57  Command Center, Marine, Widow Mine  
  127  7:58  Marine  
  133  8:01  Marine  
  133  8:03  Supply Depot  
  133  8:04  Supply Depot  
  135  8:06  Drilling Claws, Refinery  
  135  8:10  Terran Infantry Armor Level 2, Marine  
  135  8:11  Marine  
  137  8:16  Marine x2  
  137  8:18  Marine x2  
  137  8:19  Marine  
  140  8:20  Terran Vehicle And Ship Armor Level 1  
  131  8:28  Marine x2  
  131  8:33  Factory Reactor  
  131  8:34  Widow Mine, Barracks, Marine  
  134  8:36  Barracks  
  134  8:39  Medivac  
  137  8:46  Marine x3  
  137  8:47  Marine x2  
  125  8:48  Marine  
  125  8:49  Marine  
  125  8:51  Medivac  
  125  8:54  Marine  
  125  8:55  Marine, Siege Tank  
  123  9:01  SCV  
  124  9:04  Marine x4  
  124  9:05  Barracks  
  128  9:10  Marine x2  
  128  9:11  Widow Mine x2  
  134  9:19  Medivac, Marine x2  
  134  9:20  Marine  
  139  9:25  Marine x4  
  139  9:26  Barracks Tech Lab  
  139  9:27  SCV, Barracks Tech Lab, Siege Tank  
  139  9:28  SCV  
  139  9:30  Planetary Fortress  
  149  9:31  SCV  
  149  9:33  Widow Mine, Marine  
  149  9:34  Marine  
  153  9:39  SCV  
  153  9:40  SCV  
  153  9:41  Widow Mine  
  153  9:43  Marauder, Marine x2  
  161  9:47  Supply Depot  
  155  9:53  Medivac  
  155  9:54  Widow Mine  
  155  9:55  Marauder, Marine x3  
  155  9:59  Marauder, Widow Mine  
  166  10:02  Widow Mine  
  166  10:04  Supply Depot, Marine  
  166  10:05  Barracks Tech Lab  
  166  10:06  Marine x2  
  171  10:12  Marauder, Marine x2  
  175  10:15  Widow Mine  
  175  10:17  Command Center  
  175  10:19  Terran Infantry Weapons Level 3  
  175  10:21  Terran Vehicle And Ship Armor Level 2  
  177  10:24  Siege Tank  
  177  10:26  Medivac  
  177  10:27  Marauder  
  160  10:30  Widow Mine  
  160  10:32  Marine x2  
  160  10:33  Marauder  
  166  10:37  Marauder, Marine  
  167  10:43  Medivac, Widow Mine, Marine  
  167  10:44  Marauder  
  172  10:55  Widow Mine  
  172  10:56  Marine x3  
  174  10:58  Marauder x3, Marine x3, Siege Tank  
  174  11:03  Refinery  
  179  11:12  Medivac  
  179  11:13  Marauder  
  179  11:15  Marine x2  
  185  11:18  Marine x2  
  185  11:19  Marauder x2, Command Center  
  185  11:21  Marauder, Marine  
  185  11:25  Marine  
  178  11:28  Marine  
  178  11:30  SCV  
  178  11:31  Siege Tank  
  173  11:33  Marine  
  173  11:34  Marauder  
  166  11:40  Medivac, Marauder x2  
  166  11:42  Marine x2  
  166  11:43  Marauder, Marine, Widow Mine  
  178  11:48  Widow Mine  
  178  11:50  Medivac  
  182  11:56  Marauder  
  182  11:57  Marine x2  
  182  11:58  Marine  
  182  11:59  Marine  
  181  12:01  Marine  
  181  12:02  Marauder x2  
  181  12:05  Marauder, Marine x3  
  191  12:09  SCV x2  
  191  12:10  SCV, Medivac  
  191  12:12  Siege Tank  
  199  12:20  Medivac  
  197  12:25  Marauder  
  197  12:27  Marine  
  197  12:35  SCV x2  
  197  12:37  SCV x2  
  186  12:45  Widow Mine  
  186  12:48  Marauder, Marine x2  
  186  12:49  Marauder  
  182  12:51  Marauder, Marine  
  182  12:58  SCV  
  184  12:59  SCV x2  
  184  13:01  Widow Mine  
  188  13:06  Widow Mine  
  188  13:07  Marine x2  
  188  13:08  Marauder  
  188  13:09  Medivac x2  
  188  13:11  Widow Mine  
  200  13:29  Planetary Fortress  
  200  13:33  Marine  
  200  13:34  Marine  
  200  13:36  Marauder  
  200  13:41  Missile Turret  
  200  13:45  Terran Vehicle And Ship Armor Level 3  
  197  13:50  Siege Tank  
  197  13:51  Medivac  
  197  13:53  Marauder  
  183  13:56  Marauder  
  183  13:57  SCV  
  183  13:58  SCV, Command Center  
  187  14:04  Planetary Fortress  
  187  14:09  Marauder  
  187  14:10  Widow Mine  
  187  14:15  Marauder  
  185  14:18  Command Center  
  185  14:19  Command Center, Widow Mine  
  185  14:20  SCV, Marauder  
  185  14:22  Marauder  
  191  14:25  SCV  
  191  14:30  Marauder  
  194  14:36  Widow Mine  
  162  14:44  Marauder, Marine x5  
  162  14:45  Marine x3  
  143  14:46  Widow Mine  
  143  14:47  Marauder, Marine  
  143  14:49  Widow Mine  
  143  14:51  Marauder  
  144  14:57  Widow Mine  
  146  15:02  Marine x5  
  146  15:03  Marine  
  146  15:04  Marine  
  146  15:05  Marauder  
  146  15:06  Marauder  
  155  15:07  Widow Mine  
  155  15:08  Marine  
  155  15:09  Marine  
  155  15:11  Widow Mine  
  158  15:16  Orbital Command  
  158  15:19  Widow Mine, Marine  
  158  15:20  Marauder, Marine  
  164  15:28  SCV x3  
  166  15:29  Widow Mine  
  162  15:43  Command Center  
  162  15:45  Marauder, Marine x2  
  162  15:46  Marauder, Marine x2  
  162  15:47  Command Center  
  162  15:49  Marine x2  
  172  15:50  SCV, Marauder, Marine  
  172  15:54  Marauder, Marine  
  179  16:03  Marine  
  180  16:07  Marauder x2  
  186  16:11  Marauder  
  186  16:12  Medivac  
  186  16:16  Marauder  
  153  16:24  Widow Mine  
  142  16:26  Marine x5  
  142  16:27  Marine  
  142  16:28  Marauder, Marine  
  142  16:29  Marauder  
  152  16:33  Marauder  
  152  16:36  Orbital Command  
  152  16:37  Marauder  
  152  16:39  Widow Mine  
  146  16:40  Medivac  
  143  16:47  Widow Mine  
  143  16:48  Medivac, Marine  
  143  16:49  Marine x4  
  143  16:50  Marauder x2  
  143  16:53  SCV x2  
  158  16:54  Marauder  
  158  16:58  Marauder  
  158  16:59  Marine  
  137  17:08  Widow Mine  
  137  17:11  Marauder  
  137  17:12  Marauder, Marine x5  
  150  17:15  Marauder  
  150  17:16  Widow Mine  
  150  17:17  Marine x2  
  150  17:18  Marine  
  150  17:19  SCV  
Show
View Real Time Build Order
Export as new Build Order

Serral Zerg - Winner!

Build Orders: Hatch First 

Get SALT Encoding   

  12  0:00  Drone  
  13  0:14  Overlord  
  13  0:17  Drone  
  14  0:32  Drone x2  
  16  0:50  Hatchery  
  16  0:53  Drone  
  16  0:56  Drone  
  17  1:00  Drone  
  18  1:09  Extractor  
  17  1:15  Spawning Pool  
  16  1:19  Drone  
  16  1:22  Drone  
  18  1:29  Drone  
  19  1:40  Drone  
  20  1:50  Overlord  
  20  2:01  Queen  
  20  2:02  Queen  
  20  2:03  Zergling x4  
  26  2:12  Drone  
  26  2:13  Drone  
  26  2:14  Metabolic Boost  
  28  2:23  Drone  
  28  2:24  Drone  
  29  2:41  Hatchery  
  28  2:47  Queen  
  28  2:50  Drone  
  31  2:53  Drone  
  31  2:57  Overlord  
  32  3:03  Pneumatized Carapace  
  32  3:06  Drone  
  32  3:11  Zergling x2  
  34  3:14  Drone  
  34  3:15  Drone  
  34  3:17  Drone  
  34  3:18  Drone  
  34  3:19  Drone  
  39  3:22  Drone  
  39  3:27  Overlord  
  40  3:31  Zergling x2  
  41  3:34  Drone  
  41  3:39  Zergling x2  
  43  3:42  Spore Crawler, Queen  
  43  3:45  Overlord  
  45  3:51  Drone  
  45  3:52  Drone  
  45  3:53  Zergling x4  
  45  3:54  Drone  
  45  3:55  Drone  
  51  4:02  Drone x2  
  53  4:05  Zergling x2  
  53  4:07  Overlord  
  53  4:08  Drone  
  54  4:13  Spore Crawler, Drone  
  54  4:15  Queen  
  56  4:19  Queen  
  56  4:24  Zergling x4  
  60  4:25  Drone  
  60  4:27  Zergling x2  
  60  4:28  Drone  
  63  4:32  Overlord, Drone  
  63  4:38  Spore Crawler, Drone x2  
  65  4:43  Zergling x2  
  66  4:49  Drone x3  
  69  4:55  Lair  
  69  4:56  Drone x3  
  72  5:03  Zergling x2  
  72  5:04  Drone x2  
  75  5:12  Drone x2  
  72  5:15  Drone x3  
  72  5:19  Drone x2  
  76  5:23  Drone  
  76  5:27  Drone x3  
  70  5:32  Drone  
  70  5:35  Drone x7, Extractor  
  73  5:36  Extractor, Baneling Nest  
  71  5:43  Queen  
  71  5:45  Drone x3  
  76  5:56  Drone x3  
  79  5:57  Evolution Chamber x2  
  79  5:58  Hatchery  
  79  6:02  Drone x4  
  80  6:07  Extractor  
  80  6:08  Overlord x2, Overseer  
  80  6:10  Overlord  
  79  6:20  Overlord, Centrifical Hooks  
  79  6:22  Zerg Melee Weapons Level 1  
  79  6:24  Zerg Ground Armor Level 1  
  79  6:27  Extractor  
  79  6:28  Zergling x10  
  83  6:36  Drone x3  
  83  6:37  Drone  
  83  6:38  Overlord  
  83  6:39  Zergling x6  
  90  6:42  Zergling x2  
  90  6:43  Zergling x4  
  90  6:46  Overlord  
  93  6:48  Zergling x2  
  94  6:55  Hydralisk Den  
  94  6:58  Zergling x8  
  94  6:59  Zergling x2  
  98  7:03  Overlord  
  98  7:08  Drone x2  
  98  7:15  Drone x8  
  107  7:18  Overseer  
  107  7:19  Overlord  
  107  7:21  Baneling x11  
  107  7:22  Zergling x4  
  109  7:25  Muscular Augments  
  109  7:26  Overlord, Queen  
  109  7:27  Zergling x4  
  113  7:32  Overlord  
  113  7:37  Zergling x8  
  113  7:42  Drone x3  
  120  7:48  Zergling x6  
  120  7:50  Baneling x2  
  123  7:52  Overlord  
  123  7:54  Overlord  
  124  7:58  Drone x2  
  124  7:59  Drone  
  124  8:00  Overlord  
  124  8:01  Hydralisk x5  
  124  8:03  Spore Crawler  
  135  8:08  Baneling x5  
  135  8:10  Overlord  
  135  8:11  Hydralisk x3  
  141  8:19  Hydralisk x2  
  137  8:20  Zergling x8  
  141  8:29  Zergling x14  
  141  8:31  Baneling x4  
  141  8:34  Zergling x8  
  143  8:36  Zergling x2  
  143  8:37  Zergling x2  
  143  8:39  Zerg Ground Armor Level 2, Zerg Melee Weapons Level 2  
  141  8:45  Zergling x12  
  137  8:50  Hydralisk x3  
  137  8:51  Zergling x2  
  142  8:59  Grooved Spines  
  142  9:00  Baneling  
  142  9:01  Baneling x2  
  142  9:03  Zergling x10  
  142  9:04  Hatchery  
  142  9:09  Extractor  
  145  9:10  Drone x3  
  145  9:11  Infestation Pit  
  145  9:12  Zergling x8  
  151  9:17  Baneling x4  
  151  9:18  Baneling  
  151  9:20  Drone x6  
  157  9:26  Zergling x6  
  157  9:29  Overlord  
  157  9:30  Baneling x2  
  157  9:31  Baneling x2  
  160  9:33  Overlord  
  160  9:34  Overlord  
  160  9:37  Zergling x2  
  160  9:38  Zergling x14  
  168  9:39  Zergling x2  
  168  9:44  Burrow  
  169  9:47  Hive  
  169  9:48  Hydralisk  
  166  9:53  Hydralisk x2  
  166  9:54  Zergling x8  
  173  10:00  Hatchery  
  173  10:04  Zergling x2  
  173  10:05  Zergling x10  
  173  10:06  Baneling  
  173  10:07  Baneling x2  
  178  10:15  Zergling x10  
  178  10:20  Baneling x5  
  183  10:27  Zergling x24  
  179  10:31  Baneling x10  
  175  10:36  Zergling x10  
  175  10:40  Queen  
  177  10:43  Drone  
  177  10:45  Spore Crawler  
  177  10:47  Overlord  
  177  10:50  Zergling x2, Baneling x12  
  177  10:51  Zergling x16  
  177  10:56  Overseer  
  177  10:58  Viper  
  177  11:00  Drone  
  177  11:02  Drone x3, Extractor  
  183  11:09  Viper  
  183  11:10  Zergling x2  
  183  11:11  Zergling x16  
  190  11:12  Queen  
  190  11:17  Zergling x2  
  190  11:18  Zergling x8  
  180  11:27  Zergling x10  
  179  11:37  Zergling x22  
  182  11:43  Zerg Missile Weapons Level 1, Zerg Ground Armor Level 3  
  179  11:49  Baneling x14  
  179  11:53  Zergling x18  
  188  11:59  Drone x2  
  188  12:00  Overseer x2  
  187  12:02  Zergling x12  
  187  12:07  Baneling x7  
  193  12:10  Overseer  
  193  12:13  Extractor  
  193  12:14  Drone x3  
  195  12:15  Baneling  
  195  12:16  Baneling x5  
  195  12:20  Zergling x18  
  197  12:32  Zergling x8  
  197  12:34  Ultralisk Cavern  
  197  12:36  Zergling x8  
  191  12:46  Zergling x26  
  188  12:54  Spine Crawler  
  188  12:55  Spore Crawler  
  188  12:57  Drone  
  188  12:58  Zergling x22, Drone x2  
  184  12:59  Zergling x4, Overseer  
  184  13:03  Baneling x6  
  184  13:04  Zergling x6  
  197  13:06  Zergling x6, Baneling x4  
  199  13:20  Overlord  
  199  13:23  Overlord  
  199  13:24  Chitinous Plating  
  199  13:25  Drone  
  199  13:26  Baneling x4, Spire  
  199  13:30  Extractor  
  199  13:31  Drone x5  
  199  13:33  Baneling x5  
  200  13:37  Zerg Melee Weapons Level 3  
  200  13:40  Spore Crawler  
  199  13:42  Zergling x2  
  194  13:53  Zergling x30  
  188  14:03  Baneling x4  
  188  14:04  Baneling  
  188  14:06  Baneling x8  
  188  14:07  Zergling x14  
  188  14:08  Zergling x14  
  196  14:16  Zergling x20  
  191  14:17  Baneling  
  191  14:18  Baneling x6  
  191  14:19  Zerg Missile Weapons Level 2  
  191  14:22  Zergling x2  
  191  14:23  Zergling x4  
  193  14:24  Baneling x4  
  179  14:40  Zergling x24  
  179  14:41  Zergling x2  
  179  14:43  Anabolic Synthesis  
  186  14:48  Ultralisk x2  
  196  14:53  Zergling x2  
  196  14:54  Zergling x4  
  196  14:56  Baneling  
  196  14:57  Baneling x5  
  199  15:00  Baneling x3  
  199  15:01  Baneling x2  
  198  15:13  Ultralisk x2  
  198  15:14  Zergling x6  
  199  15:17  Zergling x4, Hatchery  
  199  15:20  Drone  
  200  15:22  Baneling x5  
  200  15:24  Zerg Flyer Weapons Level 1  
  200  15:33  Zergling x18  
  198  15:38  Zergling x10  
  198  15:43  Zergling x4  
  198  15:45  Baneling x2  
  198  15:46  Baneling  
  200  15:56  Zergling x2  
  200  15:57  Zergling x10  
  200  15:59  Baneling x8  
  200  16:11  Zergling x4  
  193  16:18  Zergling x10, Ultralisk x2, Hatchery  
  193  16:19  Zergling x12  
  198  16:28  Zergling x10  
  198  16:34  Drone  
  192  16:46  Zergling x24  
  199  16:48  Overseer  
  199  16:51  Baneling x2  
  199  16:52  Baneling x4  
  199  16:53  Baneling x11  
  197  16:59  Zergling x2, Ultralisk  
  192  17:09  Zergling x14  
  193  17:22  Zergling x18  
Tags
 
Add a new tag
Caveats
  • Supply blocks, unpowered buildings, or Contaminate may cause inaccurate times.
  • Supply counts are checked every 10 seconds.